 Dungeon Crawl Stone Soup version 0.31-a0-960-g0fca184906 (webtiles) character file.

Game seed: 14459338629236239218

330 BinkBink the Shooter (level 6, -1/28 HPs)
             Began as a Spriggan Hunter on Oct 23, 2023.
             Was a Plaything of Xom.
             Slain by a killer bee (8 damage)
             ... on level 4 of the Dungeon.
             The game lasted 00:04:54 (3067 turns).

BinkBink the Shooter (Spriggan Hunter)              Turns: 3067, Time: 00:04:55

Health: -1/28      AC:  2    Str:  7    XL:     6   Next: 26%
Magic:  7/7        EV: 19    Int:  9    God:    Xom [....*.]
Gold:   189        SH:  0    Dex: 20    Spells: 5/5 levels left

rFire   . . .        a - +0 shortbow
rCold   . . .        (shield currently unavailable)
rNeg    . . .        c - +0 robe
rPois   .            (helmet currently unavailable)
rElec   .            (cloak currently unavailable)
rCorr   .            (gloves unavailable)
SInv    +            (boots unavailable)
Will    +....        (no amulet)
Stlth   +++          (no ring)
HPRegen 0.24/turn    (no ring)
MPRegen 0.10/turn

%: no passive effects
@: beast-form, very quick
A: beast (slay +1), very small, no large weapons, unfitting armour, see
invisible, speed 3, dopey 1, frail 1
a: Begin Untransformation, Renounce Religion


You were on level 4 of the Dungeon.
You worshipped Xom.
You were a beloved toy of Xom.
You were a hulking beast.
You visited 1 branch of the dungeon, and saw 4 of its levels.

You collected 189 gold pieces.

Inventory:

Hand Weapons
 a - a +0 shortbow (weapon)
Armour
 c - a +0 robe (worn)
Talismans
 l - a beast talisman (active)
Scrolls
 d - 7 scrolls of identify {unknown}
 e - 2 scrolls of amnesia {unknown}
 g - a scroll of teleportation {unknown}
 k - 2 scrolls of enchant armour {unknown}
 m - a scroll of silence {unknown}
 n - 2 scrolls of noise {unknown}
 o - a scroll of blinking {unknown}
Potions
 j - a potion of lignification
 p - a potion of might


   Skills:
 + Level 2.6 Fighting
 * Level 5.5 Ranged Weapons
 + Level 4.4 Dodging
 + Level 4.3 Stealth
 + Level 2.0 Shapeshifting


You had 5 spell levels left.
You didn't know any spells.
Your spell library contained the following spells:

 Spells                   Type           Power      Damage    Failure   Level
 Blink                    Tloc           0%         N/A       52%         2
 Wereblood                Tmut           0%         N/A       52%         2
 Manifold Assault         Tloc           0%         N/A       99%         4
 Irradiate                Conj/Tmut      0%         3d11      100%        5
 Malign Gateway           Summ/Tloc      0%         N/A       100%        7
 Summon Horrible Things   Summ           0%         N/A       100%        8


Dungeon Overview and Level Annotations

Branches:
Dungeon (4/15)             Temple (0/1) D:4

Altars:
Xom

Shops:
D:3 [[?:


Innate Abilities, Weirdness & Mutations

You are a hulking beast.
Your limbs bulge with bestial killing power. (Slay +1)
You are very small and have problems with some larger weapons.
You are too small for most types of armour.
You have supernaturally acute eyesight. (SInv)
You cover ground extremely quickly. (Speed+++)
You are dopey. (Int -2)
You are frail. (-10% HP)


Message History

The orc is attracted toward you.
Something closely misses your butterfly.
The orc barely misses your butterfly. The orc misses your butterfly.
The orc hits your butterfly with a +0 hand axe.
Your butterfly dies!
Your butterfly disappears in a burst of colours!
The orc hits something with a +0 hand axe.
The orc hits your butterfly with a +0 hand axe.
Your butterfly dies!
Your butterfly disappears in a burst of colours!
The orc is attracted toward you.
Something closely misses your butterfly.
The orc is attracted toward you. Something misses your butterfly.
The orc is attracted toward you. The killer bee is attracted toward you.
The killer bee misses your butterfly. The orc is attracted toward you.
The killer bee is attracted toward you.
The killer bee closely misses your butterfly.
The killer bee is attracted toward you. The killer bee is attracted toward you.
The orc is attracted toward you. The killer bee is attracted toward you.
The killer bee is attracted toward you. The killer bee misses you.
The orc is attracted toward you.
You are too injured to fight recklessly!
Fire: a) +0 shortbow
Press: ? - help, Q - select action Shift-Dir - straight line, f - killer bee
Aim: a killer bee (42% to hit)
You shoot an arrow. The arrow barely misses the killer bee.
The killer bee closely misses you. The orc misses you.
The killer bee stings you.
* * * LOW HITPOINT WARNING * * *
The orc misses you.
You feel less attractive to monsters.
Fire: a) +0 shortbow
Press: ? - help, Q - select action Shift-Dir - straight line, f/p - killer bee
Aim: a killer bee (42% to hit)
You shoot an arrow. The arrow hits the killer bee.
The killer bee is moderately wounded.
The killer bee stings you but does no damage.
The killer bee stings you!
You die...

#...#..§.§§
####....b.§...
##......§.#....
#†...b.b..##b.b
##....§.b.b#....
##b.##......#####
####....##.#...# #.
###
#..yo.b.####..## ##
#..# #.8h8.8.##
##..# #.
#...##..⌠.⌠...#
#... ##
#.#..<.8.>.8..##. #
#.......⌠.⌠.......
###....8.8.8.##....
#............##....
#.....#............
#...###............
#...#.#...##.....


You could see a killer bee and an orc.

Vanquished Creatures
  A water moccasin (D:4)
  A scorpion (D:4)
  An orc priest (D:3)
  3 gnolls (D:2)
  2 adders (D:2)
  A worm (D:2)
  A dart slug (D:2)
  2 orcs (D:3)
  10 ball pythons
  5 endoplasms
  3 giant cockroaches
  10 goblins
  6 hobgoblins
  3 jackals (D:4)
  10 kobolds
  9 quokkas
  5 frilled lizards
  5 rats
78 creatures vanquished.

Vanquished Creatures (collateral kills)
  A hobgoblin (D:4)
1 creature vanquished.

Grand Total: 79 creatures vanquished

Notes
Turn   | Place    | Note
-------+----------+-------------------------------------------
     0 | D:1      | BinkBink the Spriggan Hunter began the quest for the Orb.
     0 | D:1      | Reached XP level 1. HP: 10/10 MP: 2/2
    83 | D:1      | Reached XP level 2. HP: 15/15 MP: 3/3
   579 | D:2      | Reached XP level 3. HP: 18/18 MP: 4/4
   916 | D:2      | Reached XP level 4. HP: 18/23 MP: 5/5
  1574 | D:3      | Found Ufyxkor's Book Emporium.
  1642 | D:3      | Found a faded altar of an unknown god.
  1720 | D:3      | Prayed at the altar of an unknown god.
  1720 | D:3      | Became a worshipper of Xom of Chaos
  1751 | D:3      | Found Fyfyxt's Magic Scroll Emporium.
  1863 | D:3      | Reached skill level 5 in Ranged Weapons
  1863 | D:3      | Reached XP level 5. HP: 8/26 MP: 6/6
  2024 | D:3      | Found Waunauq's Armour Boutique.
  2082 | D:3      | XOM: divination: magic mapping
  2143 | D:3      | XOM: silly message
  2171 | D:3      | Found Kama Nyt's Antique Armour Emporium.
  2383 | D:3      | Reached skill level 1 in Shapeshifting
  2782 | D:4      | XOM: potion effect (invisibility)
  2859 | D:4      | Found a staircase to the Ecumenical Temple.
  2896 | D:4      | Noticed a water moccasin
  2943 | D:4      | XOM: silly message
  2945 | D:4      | XOM: potion effect (attraction)
  2947 | D:4      | XOM: noise
  2949 | D:4      | XOM: cast spell 'Call Canine Familiar'
  2955 | D:4      | Gained mutation: You are dopey. (Int -2) [potion of
                  | mutation]
  2955 | D:4      | Gained mutation: You are frail. (-10% HP) [potion of
                  | mutation]
  2968 | D:4      | Killed a water moccasin
  2969 | D:4      | Reached XP level 6. HP: 11/28 MP: 7/7
  3067 | D:4      | Slain by a killer bee

Illustrated notes

Levels and vault maps discovered:
D:1:      minmay_arrival_nine_rooms, layout_rooms, minmay_misc_feat_enclosed,
          feat_on_display
D:2:      layout_loops_corners
D:3:      layout_basic, dreamdust_ecumenical_altar_statues, serial_shops, shop,
          shop_fountains, shop, shop_scrolls
D:4:      layout_cave_pools, nicolae_overflow_hidden_temple,
          minmay_temple_entry_statues_fountains, minmay_crystal_room,
          hangedman_decor_riveting, minmay_small_thing

Skill      XL: |  1  2  3  4  5 |
---------------+----------------+-----
Stealth        | 2 3 4 |  4.3
Dodging        | 3 4 |  4.4
Fighting       | 2 |  2.6
Ranged Weapons | 5 |  5.5
Shapeshifting  | 2 |  2.0

Action                     |  1- 3 |  4- 6 || total
---------------------------+-------+-------++-------
   Fire: Shortbow          |    93 |    89 ||   182
    Use: Potion            |       |     5 ||     5
         Scroll            |       |     1 ||     1
 Armour: Robe              |     5 |    12 ||    17
         Skin              |       |    18 ||    18
  Dodge: Dodged            |    13 |    14 ||    27
   Form: Beast             |       |     1 ||     1

Table legend: (Time is in decaauts)
 A = Elapsed time spent in this place.
 B = Non-inter-level travel time spent in this place.
 C = Inter-level travel time spent in this place.
 D = Time resting spent in this place.
 E = Time spent auto-exploring this place.
 F = Levels seen in this place.
 G = Mean time per level.
                   A        B        C        D        E       F      G
               +--------+--------+--------+--------+--------+-----+--------+
         Total |   2037 |   1946 |     91 |     46 |   1537 |   4 |  509.2 |
       Dungeon |   2037 |   1946 |     91 |     46 |   1537 |   4 |  509.2 |
               +--------+--------+--------+--------+--------+-----+--------+

Top non-repeatable levels by time:
     D:3: 831 daAuts
     D:2: 610 daAuts
     D:1: 359 daAuts
     D:4: 236 daAuts
